 Dungeon Crawl Stone Soup version 0.22-a0-247-gbddf880 (webtiles) character file.

679 Amnesiac the Chucker (level 7, -6/72 HPs)
             Began as an Ogre Fighter on Feb 24, 2018.
             Was a Follower of Okawaru.
             Killed by divine providence
             ... invoked by an orc priest
              (14 damage)
             ... on level 5 of the Dungeon.
             The game lasted 00:04:36 (4273 turns).

Amnesiac the Chucker (Ogre Fighter)                 Turns: 4273, Time: 00:04:37

Health: -6/72      AC:  6    Str: 23    XL:     7   Next: 60%
Magic:  8/8        EV:  8    Int: 12    God:    Okawaru [*.....]
Gold:   187        SH:  9    Dex:  8    Spells: 6/6 levels left

rFire    . . .     SeeInvis .   a - +0 mace (drain)
rCold    . . .     Gourm    .   c - +0 shield
rNeg     . . .     Faith    .   C - +0 robe
rPois    .         Spirit   .   E - +2 hat {Int+3}
rElec    .         Reflect  .   h - +0 cloak
rCorr    .         Harm     .   (gloves unavailable)
MR       .....                  (boots unavailable)
Stlth    ++........             (no amulet)
HPRegen  0.22/turn              w - ring of stealth
MPRegen  0.11/turn              (no ring)

@: no status effects
A: large, unfitting armour, tough skin 1
a: Heroism, Renounce Religion


You were on level 5 of the Dungeon.
You worshipped Okawaru.
Okawaru was aware of your devotion.
You were not hungry.

You visited 1 branch of the dungeon, and saw 5 of its levels.

You collected 187 gold pieces.

Inventory:

Hand Weapons
 a - a +0 mace of draining (weapon)
 b - a +2 mace of holy wrath
 q - a +3 whip
Missiles
 e - 225 stones (quivered)
 s - 22 sling bullets
 x - 19 poisoned needles
 A - 4 large rocks
Armour
 c - a +0 shield (worn)
 h - a +0 cloak (worn)
 C - a +0 robe (worn)
 E - a +2 hat of intelligence (worn)
Jewellery
 w - a ring of stealth (left hand)
 y - an uncursed amulet of regeneration {unknown}
Wands
 H - a wand of clouds (5)
Scrolls
 g - 4 scrolls of identify {!r, unknown}
 k - 2 scrolls of noise {!r, unknown}
 l - a scroll of remove curse {!r}
 m - a scroll of fog {!r, unknown}
 p - 4 scrolls of enchant armour {!r, unknown}
 t - 4 scrolls of teleportation {!r, unknown}
 z - a scroll of amnesia {!r, unknown}
 I - a scroll of blinking {!r, unknown}
 J - a scroll of fear {!r, unknown}
 K - a scroll of immolation {!r, unknown}
Potions
 d - a potion of might {!q}
 i - a potion of flight {!q, unknown}
 j - a potion of brilliance {!q, unknown}
 n - 2 potions of curing {!q, unknown}
 o - a potion of berserk rage {!q, unknown}
 r - a potion of cancellation {!q, unknown}
 u - 2 potions of agility {!q}
 v - 2 potions of degeneration {!q, unknown}
 B - 2 potions of heal wounds {!q, unknown}
 F - a potion of mutation {!q, unknown}
 G - a potion of invisibility {!q, unknown}
Comestibles
 f - 11 rations
 D - 6 chunks of flesh


   Skills:
 + Level 5.1 Fighting
   Level 2.0 Polearms
 * Level 6.2 Throwing
 - Level 3.0 Dodging
 + Level 3.7 Shields
 + Level 2.4 Invocations


You had 6 spell levels left.
You didn't know any spells.

Dungeon Overview and Level Annotations

Branches:
Dungeon (5/15)
 Temple: D:4-7

Altars:
Cheibriados
Elyvilon
Fedhas
Gozag
Kikubaaqudgha
Nemelex Xobeh
Okawaru
Trog
Yredelemnul


Innate Abilities, Weirdness & Mutations

You are too large for most types of armour.
You have tough skin. (AC +1)


Message History

The ogre barely misses you.
You thump the ogre!
You kill the ogre!
Okawaru accepts your kill.
No target in view!
Things that are here:
a giant spiked club; an ogre corpse You butcher the ogre corpse.
D - 8 chunks of flesh (gained 6)
You see here a giant spiked club.
Some of the chunks of flesh in your inventory have rotted away.
Found a short sword.
You see here a short sword.
You now have 187 gold pieces (gained 5).
Found a basalt altar of Yredelemnul.
K - a scroll labeled GIOCVE DOCWUCU {!r} Search for what [Enter for "ego", or ? for help]? sli No target in view!
Key pressed, stopping explore.
No target in view!
An orc priest comes into view. It is wielding a mace.
An orc wizard comes into view. It is wielding a dagger.
The orc wizard shouts!
You hear a shout!
There are monsters nearby!
The orc wizard gestures wildly while chanting.
The orc wizard seems to speed up.
The orc priest calls down the wrath of Beogh upon you.
Beogh smites you!
An orc priest comes into view. It is wielding a flail.
The orc wizard hits you with a dagger. You block the orc wizard's attack.
You closely miss the orc wizard. You block the orc wizard's attack.
The orc priest calls down the wrath of Beogh upon you.
Beogh smites you! You block the orc wizard's attack.
You barely miss the orc wizard. The orc wizard barely misses you.
The orc wizard hits you but does no damage.
You miss the orc wizard. The orc wizard casts a spell at you.
The magic dart hits you!
The orc wizard hits you but does no damage.
You thump the orc wizard!
The orc wizard is heavily wounded.
The orc wizard hits you with a dagger.
The orc priest calls upon Beogh to heal the orc wizard.
The orc wizard is healed somewhat.
You block the orc wizard's attack.
You barely miss the orc wizard.
The orc wizard is lightly wounded.
The orc wizard hits you with a dagger.
* * * LOW HITPOINT WARNING * * *
The orc wizard gestures wildly while chanting.
The orc wizard blinks!
The orc priest mumbles some strange prayers to Beogh against you.
Beogh smites you!
* * * LOW HITPOINT WARNING * * *
You sock the orc priest!
The orc priest is heavily wounded.
The orc wizard points at you and mumbles some strange words.
The magic dart hits you!
* * * LOW HITPOINT WARNING * * *
The orc priest mumbles some strange prayers to Beogh against you.
Beogh smites you!
* * * LOW HITPOINT WARNING * * *
The orc priest mumbles some strange prayers to Beogh against you.
Beogh smites you!
You die...

#.##...# #.####.#
#.# #.# ##.# #.##
#..# #..# #..# ##.#
#..# #.# #o(# #.####
#@## #....# #o#
####.## .o. #..#
..... ##.# #......
.#####.#####
#...................
#........####...####
#........# ##......
#..####


You could see 2 orc priests and an orc wizard.

Vanquished Creatures
  An ogre (D:5)
  A centaur (D:5)
  A howler monkey (D:4)
  A crimson imp (D:5)
  4 hounds
  An orc priest (D:4)
  A centaur skeleton (D:4)
  A bullfrog skeleton (D:4)
  Jessica (D:2)
  2 worker ants
  A hound skeleton (D:5)
  A worker ant zombie (D:3)
  A gnoll (D:4)
  5 adders
  2 oozes
  5 worms
  5 dart slugs
  2 leopard geckos
  An orc (D:3)
  A ball python (D:1)
  7 bats
  5 giant cockroaches
  5 goblins
  4 hobgoblins
  3 jackals (D:5)
  9 kobolds
  A quokka (D:4)
  5 frilled lizards
  3 rats
80 creatures vanquished.

Notes
Turn   | Place    | Note
-------+----------+-------------------------------------------
     0 | D:1      | Amnesiac the Ogre Fighter began the quest for the Orb.
     0 | D:1      | Reached XP level 1. HP: 24/24 MP: 1/1
    62 | D:1      | Reached skill level 1 in Throwing
    87 | D:1      | Reached XP level 2. HP: 32/32 MP: 2/2
   191 | D:1      | Reached skill level 2 in Throwing
   461 | D:1      | Reached XP level 3. HP: 39/39 MP: 3/3
  1093 | D:3      | Found an iron altar of Okawaru.
  1163 | D:3      | Became a worshipper of Warmaster Okawaru
  1306 | D:2      | Reached skill level 3 in Throwing
  1306 | D:2      | Reached XP level 4. HP: 37/48 MP: 4/4
  1377 | D:2      | Noticed Jessica
  1383 | D:2      | Killed Jessica
  1447 | D:2      | Found an ancient bone altar of Kikubaaqudgha.
  1557 | D:2      | Found a snail-covered altar of Cheibriados.
  1557 | D:2      | Found an opulent altar of Gozag.
  1712 | D:2      | Reached XP level 5. HP: 48/54 MP: 5/5
  2260 | D:3      | Found a blossoming altar of Fedhas.
  2471 | D:3      | Found a bloodstained altar of Trog.
  2689 | D:3      | Found a sparkling altar of Nemelex Xobeh.
  2695 | D:3      | Reached skill level 4 in Throwing
  3215 | D:4      | Reached skill level 5 in Throwing
  3215 | D:4      | Reached XP level 6. HP: 49/62 MP: 6/6
  3606 | D:4      | Reached skill level 1 in Invocations
  3622 | D:4      | Reached * piety under Okawaru
  3650 | D:5      | Entered Level 5 of the Dungeon
  3807 | D:5      | Reached XP level 7. HP: 32/71 MP: 8/8
  3827 | D:5      | Reached skill level 6 in Throwing
  3938 | D:5      | Found a white marble altar of Elyvilon.
  3942 | D:5      | Reached skill level 5 in Fighting
  4103 | D:5      | Found a snail-covered altar of Cheibriados.
  4210 | D:5      | Found a basalt altar of Yredelemnul.
  4273 | D:5      | Killed from afar by an orc priest

Vault maps used:
D:1:      minmay_arrival_plants_in_alcoves, minmay_tree_intersection
D:2:      nicolae_overflow_hidden_temple, gammafunk_temple_overflow_wave,
          bh_chokoban, hangedman_abyss_or_decor_stabs, minmay_tetromino_s4,
          uniq_jessica
D:3:      lemuel_doored_altar, overflow_temple_1_default,
          fedhas_altar_fruit_tree, nemelex_dance_club_becter
D:4:      first_ration
D:5:      kennysheep_ying_yang, minmay_temple_entry_junction, basic_altar

Skill      XL: |  1  2  3  4  5  6  7 |
---------------+----------------------+-----
Throwing       | 1 2 3 5 6 |  6.2
Dodging        | 3 |  3.0
Shields        | 3 |  3.7
Invocations    | 1 2 |  2.4
Fighting       | 5 |  5.1
Polearms       | |  2.0

Action                   |  1- 3 |  4- 6 |  7- 9 || total
-------------------------+-------+-------+-------++-------
Melee: Trident           |    44 |       |       ||    44
       Mace              |    35 |   167 |    42 ||   244
  Use: Scroll            |     1 |       |       ||     1
 Stab: Sleeping          |       |     4 |       ||     4
  Eat: Chunk             |     1 |     8 |     2 ||    11
Armor: Robe              |    20 |    67 |    14 ||   101
Dodge: Dodged            |    21 |    73 |    17 ||   111
Block: Shield            |    26 |    97 |    22 ||   145

Table legend:
 A = Spawn XP
 B = Non-spawn XP
 C = Spawn XP percentage of total XP
 D = Spawn monster count
 E = Non-spawn monster count
 F = Spawn count percentage of total count
 G = Total turns spent on level
                    A         B        C        D         E        F      G
               +---------+---------+-------+---------+---------+-------+---------
         Total |       0 |     971 |   0.0 |       0 |      80 |   0.0 |  4273
               +---------+---------+-------+---------+---------+-------+---------
           D:1 |       0 |      39 |   0.0 |       0 |      18 |   0.0 |   908
           D:2 |       0 |     118 |   0.0 |       0 |      22 |   0.0 |  1274
           D:3 |       0 |      34 |   0.0 |       0 |      10 |   0.0 |   853
           D:4 |       0 |     348 |   0.0 |       0 |      18 |   0.0 |   615
           D:5 |       0 |     432 |   0.0 |       0 |      12 |   0.0 |   623
               +---------+---------+-------+---------+---------+-------+---------
